 Dungeon Crawl Stone Soup version 0.26.1-2-gb8aa6d0cf2 (console) character file.

Game seed: 4476460718450371221

415223 om the Hoplite (level 22, 0/192 HPs)
             Began as a Minotaur Berserker on Feb 9, 2021.
             Was the Champion of Trog.
             Killed by the air
             ... invoked by a titan
              (16 damage)
             ... on level 4 of the Vaults.
             The game lasted 02:23:38 (57312 turns).

om the Hoplite (Minotaur Berserker)                Turns: 57312, Time: 02:23:39

Health: 0/192      AC: 30    Str: 31    XL:     22   Next: 54%
Magic:  21/21      EV: 36    Int: 10    God:    Trog [******]
Gold:   3006       SH: 35    Dex: 37    Spells: 21/21 levels left

rFire    + + +     SeeInvis +   a - +9 demon trident (freeze)
rCold    . . .     Faith    .   C - +2 tower shield
rNeg     + . .     Spirit   .   i - +0 plate armour {rF+}
rPois    .         Reflect  +   F - +0 hat of Complete Protection {rN+ Regen+ Dex+4}
rElec    .         Harm     .   X - scarf {+Inv}
rCorr    .         Rampage  .   J - +2 pair of gloves {Dex+3}
Will     .....                  S - +1 pair of boots "Fecof" {+Fly Str+3 Int+5}
Stlth    ..........             h - amulet of Citil {Reflect Dex+7 SH+5 Stlth+}
HPRegen  0.82/turn              n - ring "Qouwkax" {rF++ Will- AC+4 Str+3 SInv}
MPRegen  0.17/turn              g - ring "Habuheydyo" {EV+4 Str+3 Dex+4}

@: no status effects
A: retaliatory headbutt, horns 2
}: 2/15 runes: decaying, serpentine
a: Renounce Religion, Evoke Invisibility, Evoke Flight, Berserk, Trog's Hand,
Brothers in Arms


You were on level 4 of the Vaults.
You worshipped Trog.
Trog was exalted by your worship.
You visited 7 branches of the dungeon, and saw 37 of its levels.
You visited the Abyss 1 time.
You also visited: Ossuary, Bailey, Gauntlet and Ice Cave.

You collected 5965 gold pieces.
You spent 2959 gold pieces at shops.

Inventory:

Hand Weapons
 a - a +9 demon trident of freezing (weapon)
 b - a +0 fustibalus of venom
 W - a +3 antimagic demon trident
Missiles
 H - 307 sling bullets
Armour
 i - a +0 plate armour of fire resistance (worn)
 C - a +2 tower shield (worn)
 F - the +0 hat of Complete Protection (worn) {rN+ Regen+ Dex+4}
   (You acquired it on level 6 of the Lair of Beasts)

   It affects your dexterity (+4).
   It protects you from negative energy.
   It increases your rate of regeneration.
 J - a +2 pair of gloves of dexterity (worn)
 S - the +1 pair of boots "Fecof" (worn) {+Fly Str+3 Int+5}
   (You found it in a Gauntlet)

   It affects your strength (+3).
   It affects your intelligence (+5).
   It lets you fly.
 X - a scarf of invisibility (worn)
Jewellery
 g - the ring "Habuheydyo" (right hand) {EV+4 Str+3 Dex+4}
   (You acquired it on level 2 of the Orcish Mines)

   [ring of evasion]

   It affects your evasion (+4).
   It affects your strength (+3).
   It affects your dexterity (+4).
 h - the amulet of Citil (around neck) {Reflect Dex+7 SH+5 Stlth+}
   (You acquired it on level 2 of the Orcish Mines)

   [amulet of reflection]

   It shields you and reflects attacks.
   It affects your dexterity (+7).
   It affects your SH (+5).
   It makes you more stealthy.
 n - the ring "Qouwkax" (left hand) {rF++ Will- AC+4 Str+3 SInv}
   (You found it on level 3 of the Snake Pit)

   [ring of protection]

   It affects your AC (+4).
   It affects your strength (+3).
   It greatly protects you from fire.
   It affects your willpower, your defense against some magical effects.
   It lets you see invisible.
 u - an uncursed ring of resist corrosion
 B - an uncursed ring of poison resistance
 R - the ring "Ekluzod" {Fire Str+6 Dex-2 Slay+4 Stlth+}
   (You found it in a Gauntlet)

   [ring of fire]

   It enhances your fire magic.
   It affects your strength (+6).
   It affects your dexterity (-2).
   It affects your accuracy and damage with ranged weapons and melee attacks
   (+4).
   It protects you from fire.
   It makes you vulnerable to cold.
   It makes you more stealthy.
 T - the ring of the Thirsty Friends {rF+ Int+2 Dex+6 Stlth+}
   (You took it off a minotaur in a Gauntlet)

   [ring of dexterity]

   It affects your intelligence (+2).
   It affects your dexterity (+6).
   It protects you from fire.
   It makes you more stealthy.
Wands
 p - a wand of flame (68)
 t - a wand of polymorph (25)
 I - a wand of disintegration (19)
 L - a wand of acid (19)
 N - a wand of enslavement (35)
 U - a wand of paralysis (17)
 V - a wand of iceblast (21)
 Y - a wand of digging (7)
Scrolls
 c - 11 scrolls of immolation
 d - 15 scrolls of teleportation
 k - 8 scrolls of fear
 o - a scroll of acquirement
 q - 5 scrolls of fog
 s - 2 scrolls of remove curse
 x - 3 scrolls of vulnerability
 z - 10 scrolls of identify
 A - a scroll of magic mapping
 D - 4 scrolls of torment
 O - 12 scrolls of enchant armour
 Z - 3 scrolls of silence
Potions
 e - 3 potions of haste
 l - 7 potions of resistance
 m - 9 potions of curing
 r - 6 potions of flight
 w - 7 potions of lignification
 E - 10 potions of ambrosia
 G - 3 potions of invisibility
 M - a potion of cancellation
 Q - 3 potions of might
Miscellaneous
 j - a box of beasts
 v - a tin of tremorstones (2/2)
 K - a phantom mirror
 P - a lightning rod (4/4)


   Skills:
 + Level 15.1 Fighting
 - Level 10.0(12.6) Axes
 - Level 12.8(14.0) Polearms
 + Level 13.2 Slings
 + Level 20.7 Armour
 + Level 22.1 Dodging
 * Level 23.2 Shields
 + Level 9.4 Evocations


You had 21 spell levels left.
You didn't know any spells.
Your spell library was empty.

Dungeon Overview and Level Annotations

Branches:
Dungeon (15/15)            Temple (0/1) D:4            Lair (6/6) D:8
  Swamp (4/4) Lair:3        Snake (4/4) Lair:2        Slime (0/5) Lair:6
    Orc (2/2) D:11            Elf (1/3) Orc:2        Vaults (5/5) D:13
  Crypt (0/3) Vaults:2     Depths (0/5) D:15        Ossuary (visited)
 Bailey (visited)           IceCv (visited)         Gauntlet (visited)

Altars:
Ashenzari
Cheibriados
Dithmenos
Fedhas
Kikubaaqudgha
Nemelex Xobeh
Okawaru
Ru
Uskayaw
Wu Jian
Yredelemnul
The Shining One
Jiyva

Shops:
D:9 [   D:10 *   Orc:2 }}?[[   Snake:2 *[   Vaults:2 ?   Vaults:4 ?

Annotations:
Lair:6 1 runed translucent door
Elf:1 Nikola


Innate Abilities, Weirdness & Mutations

You reflexively headbutt those who attack you in melee.
You have a pair of horns on your head.


Message History

You block the deep troll's attack. x3; You block the frost giant's attack.
You puncture the deep troll! You freeze the deep troll.
You kill the deep troll!
Trog accepts your kill.
The troll leather armour is intact enough to wear.
The frost giant gestures at you while chanting.
The bolt of cold misses you.
Things that are here:
a +0 giant club; a +0 giant club You impale the titan!!
You freeze the titan.
The titan is moderately wounded.
You block the titan's attack.
You impale the titan!! You freeze the titan. You headbutt the titan!
The titan is severely wounded.
The frost giant casts a spell at you. The bolt of cold hits you!!
* * * LOW HITPOINT WARNING * * *
The titan waves its arms in wide circles.
The air twists around and strikes you!
You die...

# ##'#########'## #######'### #
#......#...)).# #......# #
#......#...[.[# #......# #
#..##..#..##..# #......# #
#..##..#..##..# #......##### #
#......'......# #......#.... #
#......#......# #......#.... #
###########'########......'..<.
# #.......##......#....
##########
#..C....##......#....
.........#
#...@)[.##......'....
.........#
#...[>..##......#....
.........#
#...C...##......#####
.........# #.......##......#
.........####'########......#
.........#......# #...[..#
.........#).....# #......#
.........'))##..# #......#
.........#)#!.#.# #......#
.........#[#..#.######......#
.........#..##[......#......#


You could see a titan and a frost giant.

Vanquished Creatures
  Mennas (Vaults:4)
  Vashnia (Snake:3)
  A bone dragon (Abyss:3)
  2 tentacled monstrosities (Vaults:4)
  2 Ice Fiends (IceCv)
  2 liches (Vaults:4)
  Asterion (Snake:4)
  A titan (Vaults:4)
  A quicksilver dragon (Vaults:4)
  Kirke (D:15)
  3 sphinxes
  A shadow dragon (Vaults:4)
  2 thorn hunters
  3 tengu reavers
  Donald (Swamp:1)
  The ghost of Yamstis the Nimble, an adept GnMo of Makhleb (D:15)
  8 nagarajas
  An iron dragon (Vaults:4)
  The ghost of Waecyras the Bringer of Law, an adept KoGl of Zin (D:15)
  15 vault wardens
  An orc warlord (Orc:1)
  3 fire giants (Vaults:4)
  A ghoul (Vaults:4)
  4 frost giants
  Aizul (Snake:1)
  9 ironheart preservers
  4 very ugly things
  A war gargoyle (Vaults:4)
  5 stone giants
  2 entropy weavers
  A bunyip (Swamp:1)
  A dire elephant (Abyss:3)
  An eleionoma (shapeshifter) (D:13)
  A minotaur (Gauntlet)
  8 ettins
  A fire dragon (shapeshifter) (Vaults:4)
  14 yaktaur captains
  2 eleionomae
  Josephine (Orc:1)
  A deep elf high priest (Vaults:4)
  3 shambling mangroves
  3 great orbs of eyes
  17 naga warriors
  4 rakshasas
  5 ice dragons
  37 vault guards
  7 boulder beetles
  12 anacondas
  3 catoblepae (Lair:6)
  23 hydras
  2 death knights
  3 ghost crabs
  17 ogre magi
  2 dancing weapons (Orc:2)
  11 centaur warriors
  4 alligators
  72 two-headed ogres
  10 death yaks
  3 thrashing horrors (Abyss:3)
  Urug (Orc:2)
  16 naga sharpshooters
  A queen ant (shapeshifter) (Vaults:2)
  11 shock serpents
  3 orc high priests
  Sonja (D:11)
  A fire crab (D:13)
  2 deep elf knights
  7 skeletal warriors
  5 salamander mystics
  2 shadow wraiths (Vaults:4)
  A death drake (shapeshifter) (Vaults:1)
  A sixfirhy (Abyss:3)
  3 spriggan druids
  A swamp dragon (shapeshifter) (Vaults:4)
  4 unseen horrors
  12 deep trolls
  7 goliath frogs
  5 bog bodies
  5 wizards
  8 naga ritualists
  10 swamp dragons
  6 deep elf archers
  4 phantasmal warriors
  8 harpies (Vaults:4)
  13 ironbrand convokers
  17 orc knights
  7 deep elf magi
  5 oklob plants
  8 lindwurms
  2 necromancers
  A salamander (shapeshifter) (Vaults:5)
  10 cyclopes
  17 mana vipers
  36 ugly things
  3 will-o-the-wisps
  6 orc sorcerers
  11 salamanders
  5 wolf spiders
  4 manticores
  2 worldbinders (Abyss:3)
  15 elephants
  A water nymph (Abyss:3)
  10 vault sentinels
  3 centaur zombies
  38 black mambas
  3 gargoyles
  11 guardian serpents
  A torpor snail (Lair:2)
  18 naga magi
  15 cane toads
  2 ice statues (IceCv)
  A rime drake (shapeshifter) (Vaults:1)
  A kobold demonologist (D:13)
  12 freezing wraiths
  A komodo dragon (shapeshifter) (Vaults:4)
  A human zombie (Vaults:5)
  52 yaktaurs
  12 ice devils (IceCv)
  9 komodo dragons
  A troll (shapeshifter) (Vaults:4)
  16 trolls
  A yaktaur skeleton (Vaults:5)
  2 tengu conjurers
  A queen bee (Lair:3)
  A jumping spider (shapeshifter) (Vaults:4)
  A polar bear (Lair:3)
  10 hornets
  8 tyrant leeches
  A large abomination (Abyss:3)
  23 blink frogs
  33 slime creatures
  A blink frog (shapeshifter) (Vaults:2)
  A frost giant simulacrum (Vaults:5)
  A shapeshifter (Vaults:4)
  2 meliai zombies
  5 redbacks
  A spriggan (shapeshifter) (Vaults:3)
  A water elemental (Abyss:3)
  4 wyverns
  A redback (shapeshifter) (Vaults:4)
  A tarantella (shapeshifter) (Vaults:2)
  8 shadows
  8 spriggans
  59 yaks
  6 starcursed masses (Abyss:3)
  9 wraiths
  3 basilisks
  4 hogs (D:15)
  A human (D:11)
  2 steam dragons
  7 vampire mosquitoes
  Edmund (D:5)
  12 wargs
  13 swamp worms
  47 nagas
  2 acid dragons
  18 water moccasins
  7 swamp drakes
  43 orc warriors
  6 ice beasts
  2 black bears
  2 eyes of draining
  A phantom (D:6)
  3 sky beasts
  A necrophage (D:9)
  3 boggarts (Vaults:2)
  7 wolves (Lair:3)
  22 centaurs
  48 ogres
  11 bullfrogs
  Blork the orc (D:4)
  A wyvern zombie (D:9)
  2 wyvern skeletons
  5 scorpions
  32 killer bees
  2 electric eels (Lair:5)
  4 howler monkeys
  7 wights (D:10)
  2 small abominations (Abyss:3)
  2 bullfrog zombies (D:9)
  3 hounds
  4 jellies
  4 quasits
  24 orc priests
  5 centaur skeletons
  18 orc wizards
  6 bullfrog skeletons
  5 iguanas
  Natasha (thrice) (D:2)
  12 worker ants
  4 big kobold zombies (Ossuary)
  3 mummies
  2 worker ant zombies
  12 adders
  A howler monkey skeleton (D:6)
  11 white imps
  10 ufetubi
  An ooze (D:2)
  2 adder skeletons
  9 worms
  6 dart slugs
  9 leopard geckos
  129 orcs
  7 giant cockroaches
  A gnoll zombie (Ossuary)
  10 goblins
  4 hobgoblins
  6 jackals
  10 kobolds
  5 quokkas
  2 ball pythons (Lair:2)
  5 bats
  10 frilled lizards
  2 goblin zombies (Ossuary)
  5 hobgoblin zombies (Ossuary)
  A jackal skeleton (D:7)
  A jackal zombie (D:5)
  A leopard gecko zombie (D:3)
  2 orc zombies (Ossuary)
  3 quokka skeletons
  9 rats
  2 rat zombies (D:5)
  A bush (D:13)
1727 creatures vanquished.

Vanquished Creatures (collateral kills)
  Mara (Snake:2)
  A quicksilver dragon (Vaults:5)
  A frost giant (Vaults:5)
  A war gargoyle (Vaults:5)
  A dancing weapon (Orc:2)
  2 two-headed ogres (D:11)
  A deep troll (Orc:1)
  A troll (Orc:1)
  An orc (D:11)
10 creatures vanquished.

Vanquished Creatures (others)
  An ogre mage (Vaults:1)
  An unseen horror (D:13)
  A naga ritualist (Snake:4)
  2 deep elf magi
  2 bloated husks (Swamp:3)
  A blink frog (Lair:5)
  A human (D:15)
  A swamp worm (Swamp:2)
  3 white imps (IceCv)
  2 ufetubi (IceCv)
  6 bushes
  10 foxfires
  32 fungi
  78 plants
  12 toadstools (D:13)
153 creatures vanquished.

Grand Total: 1890 creatures vanquished

Notes
Turn   | Place    | Note
-------+----------+-------------------------------------------
     0 | D:1      | om the Minotaur Berserker began the quest for the Orb.
     0 | D:1      | Reached XP level 1. HP: 19/19 MP: 0/0
   218 | D:1      | Reached XP level 2. HP: 27/27 MP: 1/1
   940 | D:2      | Noticed a water moccasin
   945 | D:2      | Killed a water moccasin
   946 | D:2      | Reached XP level 3. HP: 33/33 MP: 2/2
   946 | D:2      | Reached XP level 4. HP: 40/40 MP: 3/3
  1108 | D:2      | Reached ** piety under Trog
  1116 | D:2      | Reached XP level 5. HP: 46/46 MP: 4/4
  1136 | D:2      | Reached skill level 5 in Axes
  1409 | D:2      | Noticed Natasha
  1417 | D:2      | Killed Natasha
  1686 | D:2      | Found a sacrificial altar of Ru.
  1761 | D:2      | Noticed Natasha
  1766 | D:2      | Killed Natasha
  2234 | D:2      | Noticed Natasha
  2243 | D:2      | Killed Natasha
  2244 | D:2      | Reached XP level 6. HP: 34/52 MP: 5/5
  2737 | D:3      | Reached skill level 1 in Shields
  2846 | D:3      | Found an iron altar of Okawaru.
  3179 | D:4      | Found a sparkling altar of Nemelex Xobeh.
  3189 | D:4      | Noticed Blork the orc
  3203 | D:4      | Killed Blork the orc
  3204 | D:4      | Reached skill level 5 in Armour
  3209 | D:4      | Reached *** piety under Trog
  3210 | D:4      | Reached skill level 2 in Shields
  3311 | D:4      | Reached XP level 7. HP: 59/59 MP: 6/6
  3356 | D:4      | Reached skill level 5 in Dodging
  3532 | D:4      | Reached skill level 3 in Shields
  3786 | D:4      | Found a staircase to the Ecumenical Temple.
  4010 | D:4      | Found a shadowy altar of Dithmenos.
  4010 | D:4      | Found an ancient bone altar of Kikubaaqudgha.
  4127 | D:5      | Entered Level 5 of the Dungeon
  4150 | D:5      | Found a sand-covered staircase.
  4157 | Ossuary  | Entered an ossuary
  4572 | D:5      | Reached **** piety under Trog
  4783 | D:5      | Found a glowing golden altar of the Shining One.
  4828 | D:5      | Found a hide-covered altar of Uskayaw.
  5188 | D:5      | Noticed Edmund
  5214 | D:5      | Killed Edmund
  5215 | D:5      | Reached skill level 4 in Shields
  5215 | D:5      | Reached XP level 8. HP: 66/66 MP: 7/7
  6803 | D:7      | Reached XP level 9. HP: 71/71 MP: 8/8
  6804 | D:7      | Reached skill level 1 in Evocations
  7029 | D:7      | Reached ***** piety under Trog
  7093 | D:7      | Found a snail-covered altar of Cheibriados.
  7278 | D:8      | Noticed a death yak
  7280 | D:8      | Noticed a death yak
  7281 | D:8      | Noticed a death yak
  7503 | D:8      | Found a staircase to the Lair.
  7656 | D:8      | Killed a death yak
  7657 | D:8      | Reached skill level 5 in Fighting
  7707 | D:7      | Killed a death yak
  7708 | D:7      | Reached skill level 10 in Axes
  7708 | D:7      | Reached XP level 10. HP: 30/83 MP: 9/9
  7990 | D:7      | Killed a death yak
  8202 | D:8      | Reached skill level 10 in Armour
  8749 | D:9      | Reached skill level 10 in Dodging
  8853 | D:9      | You fall into a shaft and drop 2 floors!
  9188 | D:11     | Noticed a manticore
  9200 | D:11     | Killed a manticore
  9249 | D:10     | Entered Level 10 of the Dungeon
  9266 | D:10     | Received a gift from Trog
  9315 | D:10     | Reached skill level 1 in Polearms
  9318 | D:10     | Found Zyquevij's Changing Room.
  9327 | D:10     | Bought a potion of lignification for 42 gold pieces
  9327 | D:10     | Bought a potion of lignification for 42 gold pieces
  9375 | D:10     | Reached XP level 11. HP: 88/89 MP: 3/10
  9433 | D:9      | Found an ornate altar of the Wu Jian Council.
  9640 | D:9      | Found Poblone's Armour Boutique.
 10143 | D:9      | Killed an unseen horror
 10582 | D:9      | Noticed a two-headed ogre
 10598 | D:9      | Killed a two-headed ogre
 10599 | D:9      | Reached skill level 5 in Polearms
 11274 | D:10     | Found a broken altar of Ashenzari.
 11574 | D:11     | Noticed Sonja
 11574 | D:11     | Noticed a two-headed ogre
 11709 | D:11     | Noticed a two-headed ogre
 11713 | D:11     | Killed a two-headed ogre
 11715 | D:11     | Killed a two-headed ogre
 11718 | D:11     | Killed Sonja
 12245 | D:11     | Noticed a cyan ugly thing
 12246 | D:11     | Noticed a cyan ugly thing
 12246 | D:11     | Noticed a brown ugly thing
 12267 | D:11     | Killed a green ugly thing
 12271 | D:11     | Killed a green ugly thing
 12274 | D:11     | Killed a cyan ugly thing
 12849 | Lair:1   | Entered Level 1 of the Lair of Beasts
 13213 | Lair:1   | Noticed an oklob plant
 13242 | Lair:1   | Reached skill level 1 in Slings
 13954 | Lair:1   | Noticed an oklob plant
 13955 | Lair:1   | Noticed an oklob plant
 13955 | Lair:1   | Noticed an oklob plant
 13973 | Lair:1   | Killed an oklob plant
 13974 | Lair:1   | Reached XP level 12. HP: 52/100 MP: 3/11
 14535 | Lair:2   | Noticed a seven-headed hydra
 14546 | Lair:1   | Killed a seven-headed hydra
 14839 | Lair:2   | Found a staircase to the Snake Pit.
 15609 | Lair:3   | Found a gate leading to a gauntlet.
 15614 | Gauntlet | Entered a Gauntlet
 15614 | Gauntlet | Found a transporter.
 15614 | Gauntlet | Found a runed translucent door.
 15614 | Gauntlet | Found a transporter.
 15872 | Gauntlet | Found a transporter.
 15876 | Gauntlet | Found a transporter.
 15885 | Gauntlet | Found a transporter.
 15888 | Gauntlet | Found a transporter.
 15896 | Gauntlet | Found a transporter.
 15913 | Gauntlet | Found a transporter.
 15930 | Gauntlet | Found a transporter.
 15931 | Gauntlet | Found a transporter.
 15933 | Gauntlet | Found a runed translucent gate.
 15933 | Gauntlet | Found a runed translucent gate.
 15933 | Gauntlet | Found a runed translucent gate.
 15939 | Gauntlet | Found a transporter.
 15943 | Gauntlet | Found a transporter.
 15947 | Gauntlet | Found a runed translucent door.
 16070 | Gauntlet | Reached skill level 10 in Polearms
 16159 | Gauntlet | Got a pitted silver ring
 16445 | Gauntlet | Got a pair of masterwork boots
 16460 | Gauntlet | Identified the ring of the Thirsty Friends {rF+ Int+2 Dex+6
                  | Stlth+}
 16460 | Gauntlet | Noticed a minotaur
 16473 | Gauntlet | Killed a minotaur
 16830 | Gauntlet | Identified the +1 pair of boots "Fecof" {+Fly Str+3 Int+5}
                  | (You found it in a Gauntlet)
 16843 | Gauntlet | Identified the ring "Ekluzod" {Fire Str+6 Dex-2 Slay+4
                  | Stlth+} (You found it in a Gauntlet)
 16990 | Lair:3   | Reached ****** piety under Trog
 17349 | Lair:3   | Found a staircase to the Swamp.
 17419 | Lair:3   | Reached XP level 13. HP: 106/107 MP: 4/12
 18232 | Lair:4   | Identified a scroll of acquirement
 18411 | D:11     | Received a gift from Trog
 18442 | D:11     | Found a staircase to the Orcish Mines.
 18458 | Orc:1    | Entered Level 1 of the Orcish Mines
 18807 | Orc:2    | Entered Level 2 of the Orcish Mines
 18811 | Orc:2    | Noticed Urug
 18969 | Orc:2    | Killed Urug
 19142 | Orc:2    | Noticed Josephine
 19370 | Orc:1    | Killed Josephine
 19590 | Orc:2    | Reached skill level 15 in Armour
 20414 | Orc:2    | Found Gonithuf's Gadget Shop.
 20432 | Orc:2    | Found Pimo's Gadget Boutique.
 20442 | Orc:2    | Found Contalam's Magic Scroll Emporium.
 20460 | Orc:2    | Received a gift from Trog
 20461 | Orc:2    | Found Qogias's Antique Armour Boutique.
 20674 | Orc:2    | Acquired 1178 gold pieces
 20676 | Orc:2    | Bought 3 scrolls of acquirement for 1872 gold pieces
 20676 | Orc:2    | Acquired the amulet of Citil {Reflect Dex+7 SH+5 Stlth+}
 20902 | Orc:2    | Found a staircase to the Elven Halls.
 20947 | Orc:2    | Found Ryehosh's Antique Armour Shoppe.
 21010 | Orc:2    | Noticed an orc warlord
 21284 | Orc:2    | Reached XP level 14. HP: 113/115 MP: 4/13
 21410 | Orc:1    | Killed an orc warlord
 22728 | D:11     | Received a gift from Trog
 22778 | Orc:2    | Bought a glowing tower shield for 232 gold pieces
 23217 | D:12     | Found a flagged portal.
 23236 | Bailey   | Entered a bailey
 23587 | Bailey   | Acquired the ring "Habuheydyo" {EV+4 Str+3 Dex+4}
 23965 | D:12     | Received a gift from Trog
 23979 | D:12     | Reached skill level 5 in Shields
 24541 | D:13     | Reached skill level 5 in Evocations
 24777 | D:13     | Reached skill level 6 in Shields
 24777 | D:13     | Found a gate to the Vaults.
 25141 | D:13     | Reached XP level 15. HP: 121/121 MP: 4/14
 25404 | D:13     | Received a gift from Trog
 25405 | D:13     | Got an iridescent hand axe {god gift}
 25644 | D:13     | Found a blossoming altar of Fedhas.
 25666 | D:13     | Reached skill level 7 in Shields
 26993 | D:14     | Reached skill level 8 in Shields
 27075 | D:15     | Entered Level 15 of the Dungeon
 27230 | D:15     | Reached skill level 15 in Dodging
 27501 | D:15     | Noticed Kirke
 27530 | D:15     | Killed Kirke
 27530 | D:15     | Received a gift from Trog
 27645 | D:15     | Found a staircase to the Depths.
 27807 | D:15     | Found a runed translucent gate.
 27808 | D:15     | Found a runed translucent gate.
 27809 | D:15     | Found a runed translucent gate.
 27810 | D:15     | Noticed Yamstis's ghost (adept GnMo)
 27811 | D:15     | Noticed Waecyras's ghost (adept KoGl)
 27813 | D:15     | Found the +5 demon whip "Spellbinder" {antimagic, Will+}
 28083 | D:15     | Killed Yamstis's ghost
 28093 | D:15     | Killed Waecyras's ghost
 28094 | D:15     | Reached skill level 9 in Shields
 30222 | Lair:6   | Entered Level 6 of the Lair of Beasts
 30328 | Lair:6   | Reached XP level 16. HP: 129/129 MP: 5/15
 30431 | Lair:6   | Found a runed translucent door.
 30482 | Lair:6   | Received a gift from Trog
 30488 | Lair:6   | Reached skill level 10 in Shields
 31354 | Lair:6   | Acquired a +2 hat
 31359 | Lair:6   | Acquired a manual of Dodging
 31361 | Lair:6   | Acquired the +0 hat of Complete Protection {rN+ Regen+
                  | Dex+4}
 31549 | Lair:6   | Found a viscous altar of Jiyva.
 31549 | Lair:6   | Found a staircase to the Slime Pits.
 31549 | Lair:6   | Noticed an acid blob
 32045 | Elf:1    | Entered Level 1 of the Elven Halls
 32045 | Elf:1    | Noticed Nikola
 32063 | Orc:2    | Reached skill level 10 in Fighting
 32534 | Snake:1  | Entered Level 1 of the Snake Pit
 32695 | Snake:1  | Reached skill level 11 in Shields
 32919 | Snake:1  | Received a gift from Trog
 33084 | Snake:1  | Noticed Aizul
 33226 | Snake:1  | Killed Aizul
 34396 | Snake:2  | Found Doqu's Antique Armour Shop.
 34396 | Snake:2  | Found Hein's General Store.
 34404 | Snake:2  | Bought a pair of embroidered gloves for 307 gold pieces
 34580 | Snake:2  | Found a frozen archway.
 34586 | IceCv    | Entered an ice cave
 34963 | IceCv    | Reached XP level 17. HP: 130/144 MP: 5/16
 34977 | IceCv    | Reached skill level 12 in Shields
 35137 | IceCv    | Noticed an Ice Fiend
 35143 | IceCv    | Received a gift from Trog
 35423 | IceCv    | Killed an Ice Fiend
 35582 | IceCv    | Noticed an Ice Fiend
 35602 | IceCv    | Killed an Ice Fiend
 37468 | Snake:3  | Noticed Mara
 37542 | Snake:3  | Noticed om's illusion
 37570 | Snake:2  | Noticed om's illusion
 37574 | Snake:2  | Killed Mara
 37873 | Snake:3  | Noticed Vashnia
 37943 | Snake:3  | Killed Vashnia
 37944 | Snake:3  | Reached skill level 5 in Slings
 38127 | Snake:3  | Got a sparkling ivory ring
 38253 | Snake:3  | Reached skill level 13 in Shields
 38358 | Snake:3  | Identified the ring "Qouwkax" {rF++ Will- AC+4 Str+3 SInv}
                  | (You found it on level 3 of the Snake Pit)
 38543 | Snake:4  | Entered Level 4 of the Snake Pit
 38959 | Snake:4  | Received a gift from Trog
 39840 | Snake:4  | Noticed Asterion
 39867 | Snake:4  | Killed Asterion
 40369 | Snake:4  | Reached skill level 14 in Shields
 40406 | Snake:4  | Reached XP level 18. HP: 91/154 MP: 5/17
 41083 | Snake:4  | Received a gift from Trog
 41569 | Snake:4  | Reached skill level 15 in Shields
 42122 | Snake:4  | Reached skill level 10 in Slings
 42444 | Snake:4  | Got a serpentine rune of Zot
 42678 | Swamp:1  | Entered Level 1 of the Swamp
 42868 | Swamp:1  | Noticed Donald
 42870 | Swamp:1  | Received a gift from Trog
 42890 | Swamp:1  | Killed Donald
 44560 | Swamp:3  | Reached skill level 16 in Shields
 44730 | Swamp:3  | Found the +8 whip "Snakebite" {curare, rPois}
 45209 | Swamp:4  | Entered Level 4 of the Swamp
 45336 | Swamp:4  | Reached XP level 19. HP: 133/160 MP: 18/18
 45731 | Swamp:4  | Got a decaying rune of Zot
 46096 | Vaults:1 | Entered Level 1 of the Vaults
 46101 | Vaults:1 | You fall into a shaft and drop 1 floor!
 46473 | Vaults:1 | Received a gift from Trog
 46541 | Vaults:1 | Reached skill level 17 in Shields
 46617 | Vaults:1 | Paralysed by a yaktaur for 4 turns
 48133 | Vaults:2 | Received a gift from Trog
 48399 | Vaults:2 | Reached skill level 18 in Shields
 48805 | Vaults:2 | Reached XP level 20. HP: 174/174 MP: 19/19
 49102 | Vaults:2 | Received a gift from Trog
 49120 | Vaults:2 | Reached skill level 19 in Shields
 49417 | Vaults:2 | Found a staircase to the Crypt.
 49417 | Vaults:2 | Found an ancient bone altar of Kikubaaqudgha.
 49418 | Vaults:2 | Found a basalt altar of Yredelemnul.
 49432 | Vaults:2 | Found Meynu's Magic Scroll Emporium.
 50454 | Vaults:3 | Received a gift from Trog
 50571 | Vaults:3 | Reached skill level 20 in Shields
 50611 | Vaults:3 | You fall into a shaft and drop 1 floor!
 52610 | Vaults:4 | Found Cosib's Magic Scroll Shop.
 52617 | Vaults:4 | Reached skill level 21 in Shields
 52620 | Vaults:4 | Bought a scroll of teleportation for 45 gold pieces
 52620 | Vaults:4 | Bought a scroll of fear for 52 gold pieces
 52620 | Vaults:4 | Bought a scroll of blinking for 112 gold pieces
 52620 | Vaults:4 | Bought a scroll of fog for 30 gold pieces
 52620 | Vaults:4 | Bought 2 scrolls of silence for 225 gold pieces
 52749 | Vaults:4 | Received a gift from Trog
 52774 | Vaults:4 | Reached XP level 21. HP: 164/181 MP: 20/20
 53325 | Vaults:4 | Received a gift from Trog
 53488 | Vaults:4 | Reached skill level 22 in Shields
 53690 | Vaults:4 | Noticed Mennas
 53838 | Vaults:4 | Killed Mennas
 54582 | Vaults:5 | Entered Level 5 of the Vaults
 55025 | Vaults:4 | Received a gift from Trog
 55490 | Vaults:5 | Identified the ring "Roin" {Ice Int+4 Dex+3}
 55526 | Vaults:5 | Noticed a golden dragon
 55527 | Vaults:5 | Reached XP level 22. HP: 116/190 MP: 21/21
 56496 | Vaults:5 | Received a gift from Trog
 56527 | Vaults:4 | Reached skill level 23 in Shields
 56683 | Vaults:4 | Cast into level 3 of the Abyss (a deep elf demonologist)
 56705 | Abyss:3  | Found a corrupted altar of Lugonu.
 56843 | Abyss:3  | Reached skill level 15 in Fighting
 56981 | Vaults:4 | Escaped the Abyss
 57312 | Vaults:4 | Killed from afar by a titan

Illustrated notes

Levels and vault maps discovered:
D:1:      tarquinn_simple_flora_water_d, layout_loops_cross, lemuel_old_faithful
D:2:      minmay_angry_zag, layout_rooms, kennysheep_nub,
          nicolae_ru_the_path_less_chosen, uniq_natasha
D:3:      layout_loops_ring, marbit_many_paths
D:4:      layout_rooms, gammafunk_temple_overflow_statue,
          nemelex_xobeh_ov_fountains_minmay, minmay_temple_entry_nine_rooms,
          uniq_blork_the_orc
D:5:      layout_rooms, nicolae_overflow_crystal_walls,
          nicolae_tso_swordbearing_angel, enter_ossuary_4,
          chequers_serial_rivers_small_b, uniq_edmund
D:6:      layout_gridville
D:7:      layout_basic, slow_altar_2, minmay_misc_feat_roman
D:8:      layout_rooms, dpeg_lair_monsters
D:9:      layout_irregular_city, pdpol_wu_jian_five_deadly_venoms, serial_shops,
          shop, minmay_shattered_shrine
D:10:     layout_irregular_city, nicolae_transmutations_shop, ashenzari_altar_1
D:11:     layout_cave_pods, erik_orc_4, uniq_sonja
D:12:     layout_basic, enter_bailey_5, nrook_mini_vaults,
          minmay_misc_feat_nine_boxes
D:13:     kennysheep_bubbly, layout_loops_ring, erik_vaults_2, drop_trap,
          grunt_ministairs_6, tgw_fedhas
D:14:     layout_rooms
D:15:     hangedman_depths_entry_civil_slaughter, layout_long_grid,
          glass_columns_c, gammafunk_ghost_cemetery, uniq_kirke
Lair:1:   layout_gridlike, infiniplex_staircase_pool, minmay_lair_oklob_chamber,
          lemuel_fruit_tree
Lair:2:   layout_misc_corridors, minmay_snake_entry_six_corridors,
          serial_bayou_shore_b, lemuel_fruit_fields, infiniplex_staircase_pool_2
Lair:3:   layout_loops_ring, minmay_swamp_entry_swarm, gauntlet_entry_generic,
          special_room [special_room_bee], beast_lair_carwin_3
Lair:4:   layout_roguey, grunt_megastairs_3, serial_bayou_shore_b,
          serial_bayou_shore_a
Lair:5:   layout_small_grid, serial_bayou, serial_bayou_pond_a,
          serial_bayou_ford_a, serial_bayou_pond_c, serial_bayou_lagoon_a
Lair:6:   evilmike_catoblepas_cave, layout_regular_city, slime_altar_2,
          wad_woods_06
Swamp:1:  layout_basic_swamp, hangedman_swamp_lotus, uniq_donald
Swamp:2:  layout_falls_marsh, serial_swamp_ruin, evilmike_swamp_ruin_house_4,
          evilmike_swamp_ruin_rubble_1, evilmike_swamp_ruin_house_1
Swamp:3:  layout_basic_swamp, evilmike_swamp_ruin_house_5, swamp_pool1
Swamp:4:  swamp_alternative, layout_basic_swamp
Snake:1:  nicolae_snake_nest, layout_chambers, serial_bayou_pond_e, uniq_aizul
Snake:2:  layout_onion, portal_ice_cave_entry_horrid_things, minmay_shoptagon
Snake:3:  layout_cave_town, uniq_vashnia, uniq_mara
Snake:4:  snake_pit_salamanders_mu, layout_cave_town, uniq_asterion
Orc:1:    layout_caves
Orc:2:    st_orc_open, layout_diamond_mine, serial_shops,
          nicolae_shop_overgrown_old_shop, uniq_josephine, uniq_urug
Elf:1:    eino_elf_arrival_shootout, layout_geoelf_diagonals, serial_shops,
          shop, nicolae_shop_competitors_out_of_business,
          kennysheep_underground_church, uniq_jorgrun, uniq_azrael, uniq_nikola
Vaults:1: vaults_room_corners, v_misc_27, nicolae_vaults_network_barrier,
          vaults_standard_mumra_lines, vaults_dpeg_encased_lava,
          nicolae_vaults_hallways_thing, hangedman_vaults_nails, v_misc_14,
          v_misc_18, vaults_room_pools, layout_vaults_ring
Vaults:2: v_misc_12, st_octagons_1, vaults_dpeg_diagonal, v_misc_3, v_misc_22,
          v_misc_18, nicolae_vaults_triangles, vaults_dpeg_doors,
          nicolae_vaults_gold_heap, v_rooms_4, v_alt_pattern_1,
          nicolae_vaults_little_ls, nicolae_vaults_rhombus_6, vaults_dpeg_hooks,
          vaults_dpeg_cross, layout_vaults_maze_bifur,
          minmay_crypt_entry_necro_gods, serial_shops, shop_scrolls
Vaults:3: v_alt_pattern_5, nicolae_vaults_shelves_hall, nicolae_vaults_big_ls,
          hangedman_vaults_cutoff, grunt_vaults_hallway_short,
          ontoclasm_vaults_misaligned, vaults_mumra_chevron,
          ontoclasm_vaults_ring_large, v_misc_28, layout_vaults_omnigrid
Vaults:4: hangedman_vaults_nodes, ontoclasm_vaults_ring_square, v_alt_pattern_3,
          v_alt_pattern_1, grunt_vaults_funneled_arena, v_misc_1,
          nicolae_vaults_three_branches, ontoclasm_vaults_shuriken,
          ontoclasm_vaults_idyll, ontoclasm_vaults_ligature, v_rooms_1,
          layout_vaults_omnibox, serial_glass, serial_shops, shop_statue,
          uniq_mennas
Vaults:5: serial_shops

Skill      XL: |  1  2  3  4  5  6  7  8  9 10 11 12 13 14 15 16 17 18 19 20 21 22 |
---------------+-------------------------------------------------------------------+-----
Axes           | 4 5 6 7 8 10 | 10.0
Armour         | 3 4 5 6 7 9 11 12 14 16 18 19 20 | 20.7
Fighting       | 4 6 7 8 11 12 14 15 | 15.1
Dodging        | 3 4 5 7 8 10 11 12 13 14 15 16 18 19 20 21 22 | 22.1
Shields        | 2 4 6 9 11 14 16 18 21 22 23 | 23.2
Evocations     | 3 4 5 6 7 8 9 |  9.4
Polearms       | 1 8 11 12 | 12.8
Slings         | 1 2 8 11 12 13 | 13.2

Action                   |  1- 3 |  4- 6 |  7- 9 | 10-12 | 13-15 | 16-18 | 19-21 | 22-24 || total
-------------------------+-------+-------+-------+-------+-------+-------+-------+-------++-------
Melee: Hand axe          |    39 |   128 |       |       |       |       |       |       ||   167
       Headbutt          |     6 |    37 |    66 |   185 |   390 |   467 |   557 |   104 ||  1812
       War axe           |       |    11 |   353 |    99 |       |       |       |       ||   463
       Demon trident     |       |       |       |   548 |  1297 |  1699 |  1819 |   301 ||  5664
       Unarmed           |       |       |       |       |     8 |       |       |       ||     8
 Fire: Hunting sling     |       |       |       |       |       |    18 |       |       ||    18
       Fustibalus        |       |       |       |       |       |       |    43 |       ||    43
Invok: Berserk           |     1 |     1 |     7 |    12 |    12 |    12 |    10 |     3 ||    58
       Brothers in Arms  |       |       |       |     1 |     1 |     3 |     1 |     2 ||     8
       Trog's Hand       |       |       |       |       |       |     2 |       |     1 ||     3
Evoke: Wand              |       |       |       |       |       |     1 |       |       ||     1
  Use: Scroll            |       |     5 |    11 |     9 |    13 |    14 |     8 |     7 ||    67
       Potion            |       |       |       |     2 |       |     3 |    11 |     7 ||    23
 Stab: Distracted        |       |       |       |       |     2 |       |     3 |       ||     5
       Petrified         |       |       |       |       |       |     4 |       |       ||     4
Armor: Animal skin       |    11 |    14 |       |       |       |       |       |       ||    25
       Ring mail         |       |    33 |    29 |       |       |       |       |       ||    62
       Chain mail        |       |       |   119 |   283 |   178 |   116 |       |       ||   696
       Plate armour      |       |       |       |       |       |    29 |   112 |    59 ||   200
       Skin              |       |       |       |       |       |       |    17 |       ||    17
Dodge: Dodged            |    33 |    82 |   192 |   379 |   459 |   492 |   546 |   248 ||  2431
Block: Buckler           |       |    12 |    70 |   165 |    98 |       |       |       ||   345
       Tower shield      |       |       |       |       |   694 |  1444 |  1683 |   453 ||  4274
       Reflection        |       |       |       |       |    38 |   188 |   161 |    13 ||   400
       Other             |       |       |       |       |     1 |       |       |       ||     1
